 Dungeon Crawl Stone Soup version 0.18.1-48-g4cf74bf (webtiles) character file.

339 GordonOverkill the Fighter (level 6, -5/66 HPs)
             Began as a Hill Orc Wanderer on July 13, 2016.
             Was an Initiate of Okawaru.
             Killed from afar by Tagedieb's ghost (14 damage)
             ... with a spray of energy
             ... on level 4 of the Dungeon.
             The game lasted 00:11:55 (4418 turns).

GordonOverkill the Fighter (Hill Orc Wanderer)      Turns: 4418, Time: 00:11:56

Health: -5/66      AC:  9    Str: 18    XL:     6   Next: 55%
Magic:  6/6        EV:  7    Int: 11    God:    Okawaru [......]
Gold:   254        SH:  0    Dex:  8    Spells: 0 memorised, 5 levels left

rFire  . . .     SeeInvis .     B - -1 hand axe (curse)
rCold  . . .     Gourm    .     c - +0 chain mail
rNeg   . . .     Faith    .     (no shield)
rPois  .         Spirit   .     (no helmet)
rElec  .         Dismiss  .     (no cloak)
rCorr  .         Reflect  .     (no gloves)
SustAt .         Harm     .     y - +0 pair of boots
MR     .....                    (no amulet)
Stlth  ..........               (no ring)
                                G - -2 ring of intelligence (curse)

@: not resistant to hostile enchantments, extremely unstealthy
A: no striking features
a: Renounce Religion


You were on level 4 of the Dungeon.
You worshipped Okawaru.
Okawaru was noncommittal.
You were not hungry.

You visited 1 branch of the dungeon, and saw 4 of its levels.

You collected 254 gold pieces.

Inventory:

Hand Weapons
 B - a cursed -1 hand axe (weapon)
 D - a +0 blowgun
Missiles
 j - a throwing net (quivered)
 A - 8 needles of confusion
 C - 3 curare-tipped needles
Armour
 c - a +0 chain mail (worn)
 y - a +0 pair of boots (worn)
Rods
 b - a +0 rod of ignition (9/9)
   (You took it off a goblin on level 2 of the Dungeon)
Jewellery
 G - a cursed -2 ring of intelligence (left hand)
Scrolls
 e - 3 scrolls of remove curse {unknown}
 g - 2 scrolls of teleportation {unknown}
 k - 5 scrolls of identify {unknown}
 m - 2 scrolls of fear {unknown}
 p - a scroll of immolation {unknown}
 q - 2 scrolls of enchant armour {unknown}
 s - a scroll of noise {unknown}
 t - 2 scrolls of fog {unknown}
 u - a scroll of recharging {unknown}
 v - a scroll of magic mapping {unknown}
 x - a scroll of amnesia {unknown}
 z - a scroll of enchant weapon {unknown}
 E - 2 scrolls of random uselessness {unknown}
Potions
 a - 2 potions of flight {unknown}
 d - a potion of lignification
 h - 2 potions of heal wounds
 l - 2 potions of degeneration {unknown}
 n - 2 potions of invisibility {unknown}
 r - a potion of agility {unknown}
 w - 2 potions of haste
 H - a potion of curing {unknown}
Comestibles
 f - 4 bread rations
 i - 4 meat rations
 o - 8 fruits
 F - 4 chunks of flesh


   Skills:
 + Level 9.7 Fighting
 + Level 0.6 Axes
 - Level 1.7 Throwing
 - Level 1.0 Dodging
 - Level 1.0 Stealth
 - Level 1.1 Unarmed Combat


You had 5 spell levels left.
You didn't know any spells.

Dungeon Overview and Level Annotations

Branches:
Dungeon (4/15)
 Temple: D:4-7

Altars:
Okawaru
Qazlal
Zin
The Shining One

Annotations:
D:4 Tagedieb's ghost, amateur SpEn


Message History

The spray of energy hits you!
You are confused.
Tagedieb's ghost gestures at you while chanting.
The spray of energy misses you. Tagedieb's ghost casts a spell at you.
The spray of energy misses you.
You're too confused to move!
Tagedieb's ghost gestures at you while chanting.
The spray of energy hits you!
You bump into the rock wall.
Tagedieb's ghost hits you.
You bump into the rock wall.
Tagedieb's ghost barely misses you.
You feel less confused.
Tagedieb's ghost points at you and mumbles some strange words.
The spray of energy hits you! Tagedieb's ghost casts a spell at you.
The spray of energy hits you!
* * * LOW HITPOINT WARNING * * *
Tagedieb's ghost casts a spell at you. The spray of energy hits you!
You die...

#.#.......# ###.#.......#
#...#.......# #......._...#
##.. #...#.......#..##...
.......#.......#.. ...
........#..W....#.####..#
.........####.####.#.##..###
...(..........@....#........ .
....####...###.#.#...###..####.
.... .................(.......
###+####.##.......#.#..##
#....<.......#....
####.......#......
#....[....#.#....
#.#.......#.....#
#.#......(#####.#


You could see Tagedieb's ghost.

Vanquished Creatures
  A phantom (D:4)
  2 orc priests
  3 adders (D:2)
  3 gnolls (D:2)
  An ooze (D:2)
  3 adder skeletons
  3 worms
  2 dart slugs (D:2)
  3 giant geckos
  13 orcs
  6 giant cockroaches
  8 goblins
  10 hobgoblins
  10 jackals
  9 kobolds
  4 quokkas
  2 ball pythons
  9 bats
  2 giant newts
  A quokka skeleton (D:4)
  7 rats
102 creatures vanquished.

Notes
Turn   | Place    | Note
--------------------------------------------------------------
     0 | D:1      | GordonOverkill the Hill Orc Wanderer began the quest for the Orb.
     0 | D:1      | GordonOverkill set off with: a potion of heal wounds, a potion of haste, a +0 falchion, a potion of lignification, a +0 robe, a bread ration
     0 | D:1      | Reached XP level 1. HP: 24/24 MP: 1/1
   286 | D:1      | Reached XP level 2. HP: 24/31 MP: 2/2
   648 | D:1      | Reached XP level 3. HP: 36/38 MP: 3/3
   761 | D:2      | Reached skill level 7 in Fighting
  1359 | D:2      | Reached XP level 4. HP: 38/47 MP: 4/4
  1481 | D:2      | Identified a +0 rod of ignition (9/9) (You took it off a goblin on level 2 of the Dungeon)
  1964 | D:3      | Found a faded altar to an unknown god.
  1971 | D:2      | Reached skill level 8 in Fighting
  2398 | D:3      | Reached XP level 5. HP: 52/53 MP: 5/5
  2402 | D:3      | Found a stormy altar of Qazlal.
  3174 | D:3      | Reached skill level 9 in Fighting
  3397 | D:3      | Reached XP level 6. HP: 35/63 MP: 6/6
  3666 | D:3      | Found a glowing golden altar of the Shining One.
  3902 | D:4      | Noticed a phantom
  3962 | D:4      | Killed a phantom
  4230 | D:4      | Noticed an angel
  4231 | D:4      | Found a glowing silver altar of Zin.
  4339 | D:4      | Found an iron altar of Okawaru.
  4373 | D:4      | Became a worshipper of Warmaster Okawaru
  4394 | D:4      | Noticed Tagedieb's ghost (amateur SpEn)
  4418 | D:4      | Killed from afar by Tagedieb's ghost

Skill      XL: |  1  2  3  4  5 |
---------------+----------------+-----
Fighting       | 7 8 9 |  9.7
Axes           | |  0.6
Throwing       | |  1.7
Dodging        | |  1.0
Stealth        | |  1.0
Unarmed Combat | |  1.1

Action                   |  1- 3 |  4- 6 || total
-------------------------+-------+-------++-------
Melee: Spear             |   200 |   160 ||   360
       Flail             |       |   155 ||   155
       Hand axe          |       |    43 ||    43
Evoke: Rod               |       |     2 ||     2
  Eat: Chunk             |     2 |    11 ||    13
Armor: Chain mail        |   121 |   250 ||   371
       Robe              |     3 |       ||     3
Dodge: Dodged            |    57 |   131 ||   188
